 Dungeon Crawl Stone Soup version 0.17-a0-1882-g750edc8 (console) character file.

22 Garrluk the Cudgeler (level 2, -6/29 HPs)
             Began as an Ogre Gladiator on Sept 23, 2015.
             Mangled by Sigmund
             ... wielding a +0 scythe
              (11 damage)
             ... on level 2 of the Dungeon.
             The game lasted 00:02:43 (932 turns).

Garrluk the Cudgeler (Ogre Gladiator)                Turns: 932, Time: 00:02:43

Health: -6/29      AC:  5    Str: 19    XL:     2   Next: 91%
Magic:  2/2        EV: 10    Int:  7    God:
Gold:   80         SH:  0    Dex: 10    Spells: 0 memorised, 1 level left

rFire  . . .     SeeInvis .     a - +0 flail
rCold  . . .     Clarity  .     b - +0 robe
rNeg   . . .     SustAt   .     (no shield)
rPois  .         Gourm    .     i - +1 hat
rElec  .         Spirit   .     m - +0 cloak
rCorr  .         Warding  .     (gloves unavailable)
rMut   .         Stasis   .     (boots unavailable)
MR     .....                    (no amulet)
Stlth  +.........               (no ring)
                                (no ring)

@: confused, not resistant to hostile enchantments, very unstealthy
A: unfitting armour, tough skin 1
a: no special abilities


You were on level 2 of the Dungeon.
You were not hungry.

You visited 1 branch of the dungeon, and saw 2 of its levels.

You collected 80 gold pieces.

Notes
Turn   | Place    | Note
--------------------------------------------------------------
     0 | D:1      | Garrluk the Ogre Gladiator began the quest for the Orb.
     0 | D:1      | Reached XP level 1. HP: 22/22 MP: 1/1
   159 | D:1      | Reached XP level 2. HP: 29/29 MP: 2/2
   820 | D:2      | Reached skill level 5 in Maces & Flails
   836 | D:2      | Noticed Sigmund
   932 | D:2      | Mangled by Sigmund

Inventory:

Hand weapons
 a - a +0 flail (weapon)
Missiles
 c - 33 stones
 d - 2 throwing nets (quivered)
Armour
 b - a +0 robe (worn)
 i - a +1 hat (worn)
   (You found it on level 1 of the Dungeon)
 m - a +0 cloak (worn)
   (You found it on level 1 of the Dungeon)
Magical devices
 n - a wand of frost (26)
   (You found it on level 2 of the Dungeon)
Scrolls
 f - a scroll of remove curse {unknown}
 g - a scroll of noise {unknown}
 h - a scroll of random uselessness {unknown}
 k - a scroll of magic mapping {unknown}
Comestibles
 e - a bread ration
 j - a beef jerky
 o - a chunk of flesh

Table legend:
 A = Turns spent in this place as a percentage of turns spent in the entire game.
 B = Non-inter-level travel turns spent in this place as a percentage of non-inter-level travel turns spent in the entire game.
 C = Inter-level travel turns spent in this place as a percentage of turns spent in this place.
 D = Turns resting spent in this place as a percentage of non-inter-level travel turns spent in this place.
 E = Turns spent auto-exploring this place as a percentage of non-inter-level travel turns spent in this place.
 F = Non-inter-level travel turns spent in this place divided by the number of levels of this place that you've seen.
                   A       B       C       D       E      F
               +-------+-------+-------+-------+-------+----------------------
         Total | 100.0 | 100.0 |   0.6 |   0.0 |  10.0 | 155.5
       Dungeon | 100.0 | 100.0 |   0.6 |   0.0 |  10.0 | 155.5
               +-------+-------+-------+-------+-------+----------------------


   Skills:
 - Level 2.6 Fighting
 * Level 5.0 Maces & Flails
 + Level 2.5 Throwing
 - Level 2.6 Dodging


You had one spell level left.
You didn't know any spells.

Dungeon Overview and Level Annotations

Branches:
Dungeon (2/15)

Altars:

Annotations:
D:2 Sigmund


Innate Abilities, Weirdness & Mutations

You are too large for most types of armour.
You have tough skin (AC +1).


Message History

You hear some strange, mumbled words.
You are confused.
You miss something.
You hear some strange, mumbled words.
You are more confused.
You bump into the rock wall.
Something hits you but does no damage.
Drink which item? (? for menu, Esc to quit)
It was a potion of heal wounds.
You feel much better. Something hits you!
You closely miss something.
You hear some strange, mumbled words.
A magic dart appears from out of thin air!
The magic dart hits you! Something hits you but does no damage.
You're too confused to move!
You bump into the rock wall.
Something hits you. Something hits you!
* * * LOW HITPOINT WARNING * * *
You're too confused to move!
You bump into the rock wall.
Something hits you!
You die...

#..# #########. ... ###
#..# #.....@... ... ...
#..# #.#######. ...#.#
#####..####.# ..#.#
.........@..#
#.#.############.....###
..#...##.............#.#
......##.#######....###..
#<##.# #.##..# ### #.##.#
#{##.#..# . #.##.#
#@##.#..... ..###.##.###
#.##.. .### ....>......#
#.#### .#
.###.#...#.#####<# #
.###.(.#...............#
...).....############.##
####.##.## #.##.# #.##.#
#.##.# #....#


There were no monsters in sight!

Table legend:
 A = Kills in this place as a percentage of kills in entire the game.
 B = Kills by you in this place as a percentage of kills by you in the entire game.
 C = Kills by friends in this place as a percentage of kills by friends in the entire game.
 D = Other kills in this place as a percentage of other kills in the entire game.
 E = Experience gained in this place as a percentage of experience gained in the entire game.
 F = Experience gained in this place divided by the number of levels of this place that you have seen.
                   A       B       C       D       E      F
               +-------+-------+-------+-------+-------+----------------------
         Total | 100.0 | 100.0 |  -nan |  -nan | 100.0 |  16.0
       Dungeon | 100.0 | 100.0 |  -nan |  -nan | 100.0 |  16.0
               +-------+-------+-------+-------+-------+----------------------

Vanquished Creatures
  Monster Symbol All 'K'
  7 kobolds
7 creatures vanquished. All 'b' 2 bats (D:1)
2 creatures vanquished. All 'g' A goblin (D:1) 4 hobgoblins (D:1)
5 creatures vanquished. All 'h' 3 jackals (D:1)
3 creatures vanquished. All 'r' 2 rats (D:1)
2 creatures vanquished.
19 creatures vanquished. Monster Nature Natural Monsters A goblin (D:1) 4 hobgoblins (D:1) 3 jackals (D:1) 2 bats (D:1) 7 kobolds 2 rats (D:1)
19 creatures vanquished.
19 creatures vanquished. Ascending Order A goblin (D:1) 2 bats (D:1) 2 rats (D:1) 3 jackals (D:1) 4 hobgoblins (D:1) 7 kobolds
19 creatures vanquished.

Action                   || total
-------------------------++-------
Melee: Flail             ||    65
Throw: Stone             ||    13
       Throwing net      ||     1
  Use: Potion            ||     1
